 Dungeon Crawl Stone Soup version 0.22-a0-565-gfc6459a (webtiles) character file.

289 inc the Conjurer (level 6, -15/36 HPs)
             Began as an Octopode Fire Elementalist on June 28, 2018.
             Killed by miscasting Sticky Flame (17 damage)
             ... on level 4 of the Dungeon.
             The game lasted 00:06:06 (3355 turns).

inc the Conjurer (Octopode Fire Elementalist)       Turns: 3355, Time: 00:06:07

Health: -15/36     AC:  1    Str:  8    XL:     6   Next: 31%
Magic:  5/9        EV: 13    Int: 19    God:
Gold:   156        SH:  0    Dex: 12    Spells: 4/9 levels left

rFire    . . .     SeeInvis .   a - +4 hand axe (chop)
rCold    . . .     Gourm    .   (no shield)
rNeg     . . .     Faith    .   (helmet restricted)
rPois    .         Spirit   .   (no amulet)
rElec    .         Reflect  .   l - ring of stealth
rCorr    .         Harm     .   (no ring)
MR       .....                  (no ring)
Stlth    ++++......             (no ring)
HPRegen  0.12/turn              (no ring)
MPRegen  0.11/turn              (no ring)
                                (no ring)
                                (no ring)

@: very slightly contaminated
A: almost no armour, stealthy swim, amphibious, 8 rings, constrict 8, camouflage
1, gelatinous body 1
a: no special abilities


You were on level 4 of the Dungeon.
You were not hungry.

You visited 1 branch of the dungeon, and saw 4 of its levels.

You collected 156 gold pieces.

Inventory:

Hand Weapons
 a - a +4 hand axe of chopping (weapon)
 b - a +0 blowgun
 f - a +0 short sword
 q - a +0 whip
Missiles
 i - 17 poisoned needles
Jewellery
 l - a ring of stealth (left tentacle)
Wands
 j - a wand of random effects (21)
Scrolls
 d - 5 scrolls of identify
 e - 3 scrolls of remove curse {unknown}
 g - 2 scrolls of magic mapping {unknown}
 k - 4 scrolls of amnesia {unknown}
 o - a scroll of noise {unknown}
Potions
 h - 4 potions of heal wounds
 m - 2 potions of agility {unknown}
 n - a potion of curing {unknown}
Comestibles
 c - 6 rations
 p - 8 chunks of flesh


   Skills:
 - Level 2.0 Dodging
 - Level 2.6 Stealth
 - Level 2.0 Spellcasting
 + Level 5.1 Conjurations
 + Level 4.5 Fire Magic


You had 4 spell levels left.
You knew the following spells:

 Your Spells              Type           Power        Failure   Level  Hunger
a - Flame Tongue          Conj/Fire      ###..        2%          1    #......
b - Sticky Flame          Conj/Fire      ###.....     22%         4    #####..

Your spell library contained the following spells:

 Spells                   Type           Power        Failure   Level  Hunger
 Fireball                 Conj/Fire      ###.......   54%         5    ######.
 Conjure Flame            Conj/Fire      ###.....     7%          3    ###....
 Throw Flame              Conj/Fire      ###...       3%          2    ###....
 Inner Flame              Hex/Fire       ##......     21%         3    ###....


Dungeon Overview and Level Annotations

Branches:
Dungeon (4/15)
 Temple: D:4-7

Altars:
Dithmenos

Annotations:
D:4 1 runed door, Edmund; Hebeh's ghost, amateur MiFi


Innate Abilities, Weirdness & Mutations

You cannot wear most types of armour.
You are very stealthy in the water. (Stealth+)
You are amphibious.
You can wear up to eight rings at the same time.
You can use your tentacles to constrict eight enemies at once.
Your skin changes colour to match your surroundings (Stealth+).
Your rubbery body absorbs attacks. (AC +1, EV +1)


Message History

You hit the wyvern skeleton.
The wyvern skeleton is lightly damaged.
The wyvern skeleton bites you!
You slash the wyvern skeleton! You squeeze the wyvern skeleton!
The wyvern skeleton is heavily damaged.
The wyvern skeleton bites you! The wyvern skeleton barely misses you.
You hit the wyvern skeleton.
The wyvern skeleton is severely damaged.
The wyvern skeleton barely misses you. The wyvern skeleton bites you!
* * * LOW HITPOINT WARNING * * *
Unknown command.
Casting: Flame Tongue (safe; 2% risk of failure)
Confirm with . or Enter, or press ? or * to list all spells.
Aiming: Sticky Flame (slightly dangerous; 22% risk of failure)
Press: ? - help, Shift-Dir - straight line, f - wyvern skeleton
Aim: a wyvern skeleton (severely damaged)
You miscast Sticky Flame.
You are very lightly contaminated with residual magic.
You are blasted with fire.
You die...

#........#
#........#
#........#
#........#
#........#
#........#
#........#
#........#
#.@......#
#.Z......#
#........#
#........#
#........#
#........#
#........#
#........+


You could see a wyvern skeleton.

Vanquished Creatures
  Sigmund (D:2)
  An orc priest (D:3)
  2 adders (D:2)
  An adder skeleton (D:4)
  A worm (D:3)
  9 orcs
  4 giant cockroaches
  8 goblins
  9 hobgoblins
  4 jackals (D:1)
  7 kobolds
  A ball python (D:4)
  11 bats
  5 frilled lizards
  A jackal skeleton (D:4)
  A rat (D:1)
66 creatures vanquished.

Notes
Turn   | Place    | Note
-------+----------+-------------------------------------------
     0 | D:1      | inc the Octopode Fire Elementalist began the quest for the Orb.
     0 | D:1      | Reached XP level 1. HP: 11/11 MP: 3/3
   308 | D:1      | Reached skill level 2 in Conjurations
   308 | D:1      | Reached XP level 2. HP: 15/17 MP: 5/5
   851 | D:2      | Reached XP level 3. HP: 12/21 MP: 1/6
  1041 | D:2      | Reached skill level 3 in Conjurations
  1486 | D:2      | Noticed Sigmund
  1503 | D:3      | Reached XP level 4. HP: 10/27 MP: 5/7
  1870 | D:3      | Reached skill level 4 in Conjurations
  2791 | D:2      | Found a shadowy altar of Dithmenos.
  2859 | D:2      | Killed Sigmund
  2859 | D:2      | Reached skill level 5 in Conjurations
  2859 | D:2      | Reached XP level 5. HP: 20/31 MP: 2/8
  2859 | D:2      | Reached XP level 6. HP: 23/36 MP: 2/9
  2865 | D:2      | Learned a level 4 spell: Sticky Flame
  3177 | D:4      | Noticed Edmund
  3202 | D:4      | Found a runed door.
  3302 | D:4      | Noticed Hebeh's ghost (amateur MiFi)
  3355 | D:4      | Killed by miscasting Sticky Flame

Vault maps used:
D:1:      elethiomel_arrival_maze, minmay_misc_feat_enclosed, grunt_decor_cap
D:2:      nicolae_overflow_crystal_walls, minmay_tree_intersection, uniq_sigmund
D:3:      st_stairs_7
D:4:      minmay_temple_entry_junction, ebering_ghost_sewer_d, uniq_edmund

Skill      XL: |  1  2  3  4 |
---------------+-------------+-----
Conjurations   | 2 3 5 |  5.1
Fire Magic     | 4 |  4.5
Dodging        | |  2.0
Stealth        | |  2.6
Spellcasting   | |  2.0

Action                   |  1- 3 |  4- 6 || total
-------------------------+-------+-------++-------
Melee: Whip              |    29 |       ||    29
       Constrict         |    12 |    10 ||    22
       Tentacles         |     3 |     6 ||     9
       Short sword       |    34 |    32 ||    66
       Hand axe          |       |     3 ||     3
 Cast: Flame Tongue      |    24 |    40 ||    64
  Use: Scroll            |       |     1 ||     1
 Stab: Sleeping          |     8 |     6 ||    14
  Eat: Chunk             |     2 |     6 ||     8
Armor: Skin              |     4 |     3 ||     7
Dodge: Dodged            |    63 |    32 ||    95

Table legend:
 A = Spawn XP
 B = Non-spawn XP
 C = Spawn XP percentage of total XP
 D = Spawn monster count
 E = Non-spawn monster count
 F = Spawn count percentage of total count
 G = Total turns spent on level
                    A         B        C        D         E        F      G
               +---------+---------+-------+---------+---------+-------+---------
         Total |       0 |     413 |   0.0 |       0 |      66 |   0.0 |  3355
               +---------+---------+-------+---------+---------+-------+---------
           D:1 |       0 |      32 |   0.0 |       0 |      19 |   0.0 |   847
           D:2 |       0 |     281 |   0.0 |       0 |      19 |   0.0 |  1087
           D:3 |       0 |      79 |   0.0 |       0 |      20 |   0.0 |  1259
           D:4 |       0 |      21 |   0.0 |       0 |       8 |   0.0 |   162
               +---------+---------+-------+---------+---------+-------+---------
